AoeStats
← Carmelo maradona

Arabia

509999917Analyzed
2v2 RM · 2d ago on Sep 29, 2026· 17m 16s· 4 players
Game mode
Random Map
Map size
Medium (4 player)
Population
200
Speed
Normal
Resources
Standard
Victory
Conquest
Starting age
Dark Age
Ending age
Imperial Age
RankedLock teamsTeams togetherTeam positionsShared explorationLock speedFull tech treeHidden civsTurbo modeCheats
Victory
Defeat
🇨🇴 Ethiopians · Colombia
1431
+17
🇨🇴 Magyars · Colombia
1420
+17
🇵🇪 Britons · Peru
1462
-18
🇨🇳 Franks · China
1425
-16
JAGR | DesNoguns
6:18 Loom
9:02 Feudal Age
9:44 Double-Bit Axe
10:03 Horse Collar
Carmelo maradona
6:33 Loom
9:24 Feudal Age
10:12 Double-Bit Axe
11:15 Fletching
不会打弓
7:07 Loom
9:25 Feudal Age
10:02 Double-Bit Axe
12:09 Scale Barding Armor
Maech_
6:47 Loom
9:22 Feudal Age
9:58 Double-Bit Axe
13:09 Fletching
Connection lost

Rejoining the realm…

Still unreachable

The connection could not be restored.

Session expired

The server has moved on; the page needs a fresh start.